 Dungeon Crawl Stone Soup version 0.17-a0-1900-g45e8110 (webtiles) character file.

441 ithil the Cudgeler (level 7, 0/41 HPs)
             Began as a Gargoyle Gladiator on Sept 24, 2015.
             Was an Initiate of Trog.
             Slain by an orc wizard
             ... wielding a +0 dagger
              (2 damage)
             ... on level 4 of the Dungeon.
             The game lasted 00:18:11 (3951 turns).

ithil the Cudgeler (Gargoyle Gladiator)             Turns: 3951, Time: 00:18:11

Health: 0/41       AC: 11    Str: 20    XL:     7   Next: 2%
Magic:  7/7        EV: 21    Int:  9    God:    Trog [......]
Gold:   208        SH:  0    Dex: 15    Spells: 0 memorised, 6 levels left

rFire  . . .     SeeInvis .     a - +0 flail
rCold  . . .     Clarity  .     b - +0 leather armour
rNeg   + . .     SustAt   .     (no shield)
rPois  ∞         Gourm    .     z - +1 helmet
rElec  +         Spirit   .     o - +0 cloak
rCorr  .         Warding  .     (no gloves)
rMut   .         Stasis   .     (no boots)
MR     .....                    (no amulet)
Stlth  ++++......               v - ring of stealth
                                g - +2 ring of evasion

@: agile, flying, not resistant to hostile enchantments, stealthy
A: negative energy resistance 1, electricity resistance, unbreathing,
petrification resistance, rot immunity, AC +4
a: Burn Spellbooks, Renounce Religion


You were on level 4 of the Dungeon.
You worshipped Trog.
Trog was noncommittal.
You were not hungry.

You visited 1 branch of the dungeon, and saw 4 of its levels.

You collected 208 gold pieces.

Inventory:

Hand weapons
 a - a +0 flail (weapon)
 n - a +2 quarterstaff of chaos
 u - a +1 dagger of electrocution
 B - a cursed -2 rapier
Missiles
 d - 4 throwing nets (quivered)
Armour
 b - a +0 leather armour (worn)
 c - a +0 helmet
 o - a +0 cloak (worn)
 w - a +0 plate armour
 z - a +1 helmet (worn)
 E - a cursed +0 cloak
Jewellery
 g - a +2 ring of evasion (left hand)
 v - a ring of stealth (right hand)
Magical devices
 D - a wand of fire (7)
Scrolls
 e - a scroll of teleportation {unknown}
 f - a scroll of remove curse
 k - 2 scrolls of identify
 r - a scroll of noise {unknown}
 x - 2 scrolls of enchant armour {unknown}
 C - a scroll of magic mapping {unknown}
Potions
 i - 2 potions of agility
 j - a potion of flight
 m - a potion of lignification {unknown}
 p - a potion of cancellation {unknown}
 t - a potion of curing {unknown}
Comestibles
 h - 2 meat rations
 q - a beef jerky
 s - a bread ration
 A - a fruit
 F - 2 chunks of flesh


   Skills:
 + Level 3.4 Fighting
 + Level 4.8 Maces & Flails
 + Level 2.0 Throwing
 + Level 2.8 Armour
 + Level 4.1 Dodging
 + Level 1.9 Stealth


You had 6 spell levels left.
You didn't know any spells.

Dungeon Overview and Level Annotations

Branches:
Dungeon (4/15)
 Temple: D:4-7

Altars:
Fedhas
Sif Muna
Trog
Yredelemnul


Innate Abilities, Weirdness & Mutations

You are resistant to torment.
Your stone body is resilient (AC +4).
You are immune to poison.
You resist negative energy.
You are resistant to electric shocks.
You can survive without breathing.
You are immune to petrification.
You are immune to rotting.


Message History

You sock the orc priest!
The orc priest is severely wounded.
The orc wizard gestures at you while chanting.
The puff of flame hits you!
* * * LOW HITPOINT WARNING * * *
The orc wizard hits you but does no damage.
The orc wizard gestures at you while chanting.
The magic dart hits you!
* * * LOW HITPOINT WARNING * * *
Read which item? (? for menu, Esc to quit)
As you read the scroll of immolation, it crumbles to dust.
The creatures around you are filled with an inner flame!
The orc wizard misses you. The orc priest misses you.
The orc wizard barely misses you.
The orc wizard mumbles some strange words.
The orc wizard blinks!
The orc wizard miscasts a cantrip.
The orc priest casts a cantrip, but nothing happens.
The orc wizard closely misses you. The orc wizard hits you with a dagger.
You die...

.<.. #.. ... #... ##
o.# #...# #. #.#
#....##### #. #.#
#.......##
#####.##o##
#.........
#....§..).#
#.........
#.######o.#
#......... #.@##
#.........
##...######.........
##........##.........
#.....###............
#...........#........
#.....##...........##
#.....##......#....##
##...###.............
#######..)))..#.....


You could see an orc priest (inner flame) and 2 orc wizards.

Vanquished Creatures
  A phantom (D:3)
  An ogre (D:4)
  A scorpion (D:4)
  Crazy Yiuf (D:2)
  A hound (D:4)
  An orc wizard (D:4)
  Robin (D:3)
  3 adders (D:3)
  2 oozes
  2 worms (D:4)
  3 giant geckos
  7 orcs
  4 bats
  4 giant cockroaches
  16 goblins
  7 hobgoblins
  3 jackals (D:2)
  11 kobolds
  6 giant newts
  A jackal skeleton (D:4)
  A quokka skeleton (D:4)
  5 rats
82 creatures vanquished.

Notes
Turn   | Place    | Note
--------------------------------------------------------------
     0 | D:1      | ithil the Gargoyle Gladiator began the quest for the Orb.
     0 | D:1      | Reached XP level 1. HP: 12/12 MP: 1/1
   383 | D:1      | Reached XP level 2. HP: 17/17 MP: 2/2
  1410 | D:2      | Reached XP level 3. HP: 22/22 MP: 3/3
  1444 | D:2      | Noticed Crazy Yiuf
  1450 | D:2      | Killed Crazy Yiuf
  1450 | D:2      | Reached skill level 1 in Armour
  1807 | D:2      | Reached XP level 4. HP: 27/27 MP: 4/4
  1811 | D:2      | Found a deep blue altar of Sif Muna.
  2340 | D:3      | Noticed a phantom
  2355 | D:3      | Killed a phantom
  2355 | D:3      | Reached skill level 4 in Maces & Flails
  2355 | D:3      | Reached XP level 5. HP: 25/32 MP: 5/5
  2395 | D:3      | Noticed Robin
  2425 | D:3      | Killed Robin
  2801 | D:3      | Found a basalt altar of Yredelemnul.
  3262 | D:3      | Reached XP level 6. HP: 37/37 MP: 6/6
  3447 | D:4      | Reached skill level 1 in Stealth
  3584 | D:4      | Found a blossoming altar of Fedhas.
  3584 | D:4      | Found a bloodstained altar of Trog.
  3609 | D:4      | Became a worshipper of Trog the Wrathful
  3799 | D:4      | Reached XP level 7. HP: 36/41 MP: 7/7
  3948 | D:4      | HP: 2/41 [orc wizard/magic dart (8)]
  3951 | D:4      | Slain by an orc wizard

Vault maps used:
D:1:      elethiomel_arrival_quiet, minmay_curled_crystal, minmay_cut_off
D:2:      minmay_door_path, lemuel_doored_altar, first_bread,
          uniq_crazy_yiuf_cottage
D:3:      nicolae_overflow_hidden_temple, lemuel_flame_loot_1, uniq_robin
D:4:      gammafunk_temple_overflow_pools, kennysheep_small_circle

Action                   |  1- 3 |  4- 6 |  7- 9 || total
-------------------------+-------+-------+-------++-------
Melee: Flail             |    65 |   173 |    19 ||   257
Invok: Burn Spellbooks   |       |       |     1 ||     1
  Use: Scroll            |       |     4 |     1 ||     5
       Potion            |       |       |     2 ||     2
 Stab: Sleeping          |       |     6 |       ||     6
  Eat: Chunk             |     1 |     2 |     1 ||     4
       Bread ration      |     1 |       |       ||     1
       Beef jerky        |       |     1 |       ||     1
